 Dungeon Crawl Stone Soup version 0.31-a0-986-g5e6e4ef867 (webtiles) character file.

Game seed: 4601120028302426288

39 sammy202020 the Changeling (level 3, 27/27 HPs)
             Began as a Demonspawn Shapeshifter on Nov 14, 2023.
             Quit the game on level 3 of the Dungeon.
             The game lasted 00:03:17 (2033 turns).

sammy202020 the Changeling (DsSh)                   Turns: 2033, Time: 00:03:18

Health: 27/27      AC:  7    Str: 16    XL:     3   Next: 26%
Magic:  3/3        EV:  9    Int: 11    God:
Gold:   107        SH:  0    Dex: 12    Spells: 2/2 levels left

rFire   . .          .
                       - Unarmed
rCold   . . .        (no shield)
rNeg    . . .        s - +1 scale mail
rPois   .            (helmet currently unavailable)
rElec   .            (cloak currently unavailable)
rCorr   .            (gloves currently unavailable)
SInv    .            (boots currently unavailable)
Will    .....        n - amulet of the acrobat Stlth
                     (no ring)
HPRegen 0.24/turn    (no ring)
MPRegen 0.08/turn

%: acrobat
@: beast-form
A: beast (slay +1), foul stench 1, deterioration 1
a: Begin Untransformation


You were on level 3 of the Dungeon.
You were a hulking beast.
You visited 1 branch of the dungeon, and saw 3 of its levels.

You collected 107 gold pieces.

Inventory:

Armour
 a - a +0 animal skin
 k - a +0 pair of gloves
 m - a +0 pair of boots
 p - a +0 helmet
 q - a scarf of resistance
 s - a +1 scale mail (worn)
Jewellery
 n - an amulet of the acrobat (around neck)
Talismans
 c - a beast talisman
 d - a flux talisman
Scrolls
 f - a scroll of blinking
 h - a scroll of immolation {unknown}
 i - a scroll of fog {unknown}
Potions
 b - 3 potions of lignification
 e - a potion of resistance
 g - 3 potions of curing


   Skills:
 * Level 1.9 Fighting
 + Level 0.5 Armour
 + Level 2.0 Dodging
 * Level 3.0 Unarmed Combat
 * Level 3.0 Shapeshifting


You had 2 spell levels left.
You didn't know any spells.
Your spell library contained the following spells:

 Spells                   Type           Power      Damage    Failure   Level
 Freeze                   Ice            0%         1d3       80%         1
 Frozen Ramparts          Ice            0%         1d1       99%         3
 Hailstorm                Conj/Ice       0%         3d3       99%         3
 Ignite Poison            Fire/Tmut/Pois 0%         N/A       99%         3
 Sticky Flame             Conj/Fire      0%         2d3       100%        4
 Ignition                 Fire           0%         3d3       100%        8


Dungeon Overview and Level Annotations

Branches:
Dungeon (3/15)

Altars:
Qazlal


Innate Abilities, Weirdness & Mutations

You are a hulking beast.
Your limbs bulge with bestial killing power. (Slay +1)
You may rarely emit foul miasma when damaged in melee.
Your body sometimes deteriorates upon taking damage.


Message History

No target in view!
No target in view!
No target in view!
No target in view!
No target in view!
Found an escape hatch in the ceiling.
A hobgoblin comes into view.
A hobgoblin is nearby!
Found a stone staircase leading down.
The hobgoblin shouts!
You closely miss the hobgoblin.
You punch the hobgoblin, but do no damage.
The hobgoblin hits you but does no damage.
You hit the hobgoblin.
The hobgoblin is almost dead.
The hobgoblin closely misses you.
You hit the hobgoblin.
You kill the hobgoblin!
No target in view!
No target in view!
No target in view!
No target in view!
No target in view!
No target in view!
No target in view!
No target in view!
No target in view!
There is a stone staircase leading down here.
Found a stone staircase leading up.
j - a potion of mutation No target in view!
No target in view!
No target in view!
No target in view!
Okay, then.
There are no items here.
You feel extremely strange.
Your skin no longer functions as natural camouflage.
You feel yourself wasting away.
Are you sure you want to abandon this character and quit the game? (Confirm with "yes".)

.# ## ## <# . . .# .#..
.# . ## ##...# .# .. #.
.##.# ##.###... #
#.#....######........ #
#...##.#.............
#####.###.#>####h.......
#...........# ##.###...
..###.##...## .# .
#####.##.#...... ..
................ .##
......########## ##
#######


There were no monsters in sight!

Vanquished Creatures
  An adder (D:2)
  3 ball pythons
  6 endoplasms
  2 goblins
  2 hobgoblins
  A quokka (D:2)
  4 bats
  2 frilled lizards
  A kobold (D:1)
  6 rats
28 creatures vanquished.

Notes
Turn   | Place    | Note
-------+----------+-------------------------------------------
     0 | D:1      | sammy202020 the Demonspawn Shapeshifter began the quest for
                  | the Orb.
     0 | D:1      | Reached XP level 1. HP: 15/15 MP: 1/1
   186 | D:1      | Gained mutation: You may rarely emit foul miasma when
                  | damaged in melee. [demonic ancestry]
   186 | D:1      | Reached XP level 2. HP: 20/21 MP: 2/2
  1153 | D:2      | Reached XP level 3. HP: 22/27 MP: 3/3
  1807 | D:2      | Gained mutation: Your skin changes colour to match your
                  | surroundings (Stealth+). [potion of mutation]
  1894 | D:3      | Found a stormy altar of Qazlal.
  2032 | D:3      | Lost mutation: Your skin changes colour to match your
                  | surroundings (Stealth+). [potion of mutation]
  2032 | D:3      | Gained mutation: Your body sometimes deteriorates upon
                  | taking damage. [potion of mutation]
  2033 | D:3      | Quit the game

Illustrated notes

Levels and vault maps discovered:
D:1:      dpeg_arrival_rhombi, layout_basic
D:2:      wander_river, layout_basic
D:3:      layout_loops_ring, nicolae_overflow_hidden_temple, grunt_decor_clamped

Skill      XL: |  1  2 |
---------------+-------+-----
Dodging        | 2 |  2.0
Unarmed Combat | 3 |  3.0
Shapeshifting  | 3 |  3.0
Fighting       | |  1.9
Armour         | |  0.5

Action                     || total
---------------------------++-------
  Melee: Unarmed           ||    61
         Punch             ||     1
    Use: Scroll            ||     6
         Potion            ||     3
   Stab: Sleeping          ||     1
 Armour: Animal skin       ||    26
         Scale mail        ||     2
  Dodge: Dodged            ||    42

Table legend: (Time is in decaauts)
 A = Elapsed time spent in this place.
 B = Non-inter-level travel time spent in this place.
 C = Inter-level travel time spent in this place.
 D = Time resting spent in this place.
 E = Time spent auto-exploring this place.
 F = Levels seen in this place.
 G = Mean time per level.
                   A        B        C        D        E       F      G
               +--------+--------+--------+--------+--------+-----+--------+
         Total |   2033 |   1967 |     66 |     38 |   1463 |   3 |  677.7 |
       Dungeon |   2033 |   1967 |     66 |     38 |   1463 |   3 |  677.7 |
               +--------+--------+--------+--------+--------+-----+--------+

Top non-repeatable levels by time:
     D:2: 1048 daAuts
     D:1: 842 daAuts
     D:3: 142 daAuts
